 Dungeon Crawl Stone Soup version 0.29-a0-717-g6dac4ea423 (webtiles) character file.

Game seed: 17712602926291740047

3 blackman the Sneak (level 1, -4/18 HPs)
             Began as a Human Delver on June 26, 2022.
             Killed from afar by Blork the orc (7 damage)
             ... with a puff of frost
             ... on level 4 of the Dungeon.
             The game lasted 00:02:27 (209 turns).

blackman the Sneak (Human Delver)                    Turns: 209, Time: 00:02:27

Health: -4/18      AC:  3    Str: 12    XL:     1   Next: 55%
Magic:  1/1        EV: 16    Int: 10    God:
Gold:   19         SH:  0    Dex: 14    Spells: 0/0 levels left

rFire   . . .      SeeInvis .   i - +0 broad axe
rCold   . . .      Faith    .   (no shield)
rNeg    . . .      Spirit   .   b - +0 leather armour
rPois   .          Reflect  .   (no helmet)
rElec   .          Harm     .   (no cloak)
rCorr   .          Rampage  .   (no gloves)
Will    .....                   (no boots)
Stlth   +++.......              (no amulet)
HPRegen 0.06/turn               k - +4 ring of evasion
MPRegen 0.07/turn               (no ring)

@: hasted, very quick
A: no striking features
a: no special abilities


You were on level 4 of the Dungeon.
You visited 1 branch of the dungeon, and saw 2 of its levels.

You collected 19 gold pieces.

Inventory:

Hand Weapons
 a - a +0 spear
 i - a +0 broad axe (weapon)
Armour
 b - a +0 leather armour (worn)
Jewellery
 k - a +4 ring of evasion (left hand)
Wands
 g - a wand of digging (1)
Scrolls
 c - a scroll of fog
 e - a scroll of fear
 h - a scroll of blinking {unknown}
 j - a scroll of vulnerability {unknown}
Potions
 d - a potion of mutation {unknown}


   Skills:
 - Level 3.0 Fighting
 * Level 1.0(1.6) Axes
 - Level 2.0(2.1) Polearms
 - Level 2.0 Dodging
 - Level 5.0 Stealth


You couldn't memorise any spells.
You didn't know any spells.
Your spell library was empty.

Dungeon Overview and Level Annotations

Branches:
Dungeon (5/15)
 Temple: D:4-7

Altars:
Ashenzari

Annotations:
D:4 Blork the orc, Grinder


Message History

You now have 19 gold pieces (gained 13).
There are no items here.
Found a scroll labelled QYAROAFORY.
An iguana comes into view.
Aiming: Dig
Press: ? - help, Shift-Dir - straight line A rock wall.
The rock shatters into small pieces.
A hound comes into view.
A howler monkey comes into view.
Found a broken altar of Ashenzari.
There is a broken altar of Ashenzari here.
Aiming: Dig
Press: ? - help, Shift-Dir - straight line A rock wall.
The rock shatters into small pieces.
Found a spear.
Found a stone staircase leading up.
There is a stone staircase leading up here.
You climb upwards.
There is a stone staircase leading down here.
Unknown command.
The iguana hisses menacingly.
Blork the orc comes into view.
He is wielding a +0 hand axe.
Blork the orc shouts!
Blork the orc gestures wildly while chanting.
Blork the orc seems to speed up.
A ball python comes into view.
The ball python hisses angrily.
You feel yourself speed up. Blork the orc casts a spell at you.
The puff of frost hits you!
Ouch! That really hurt!
Grinder comes into view.
Blork the orc points at you and mumbles some strange words.
The magic dart hits you.
* * * LOW HITPOINT WARNING * * *
Blork the orc gestures at you while chanting.
The puff of frost hits you!
You die...

...# #...........##..
#..## #..............
#...## #.............
#....###.l........#..
......S..S..........
...#.....##.o....## #
.........#........## #K.
......####.........##....
#......##.......@.<......
.............#...........
....##....#..##......#...
.#.....#..##........##
..##...##....##....# #..
####..#..### # #
##.###..# #.#.
###.......# .
#...##...#####...


You could see Blork the orc (fast), an iguana and a ball python.

Vanquished Creatures
  A worm (D:4)
1 creature vanquished.

Notes
Turn   | Place    | Note
-------+----------+-------------------------------------------
     0 | D:5      | blackman the Human Delver began the quest for the Orb.
     0 | D:5      | Reached XP level 1. HP: 18/18 MP: 1/1
    25 | D:4      | Noticed a howler monkey
    52 | D:4      | Reached skill level 1 in Axes
   154 | D:5      | Noticed an iguana
   156 | D:5      | Noticed a hound
   157 | D:5      | Noticed a howler monkey
   159 | D:5      | Found a broken altar of Ashenzari.
   178 | D:4      | Noticed an iguana
   191 | D:4      | Noticed Blork the orc
   203 | D:4      | Noticed Grinder
   209 | D:4      | Killed from afar by Blork the orc

Illustrated notes

Levels and vault maps discovered:
D:4:      layout_cave_pools, uniq_grinder, uniq_blork_the_orc
D:5:      layout_loops_ring, marbit_many_paths

Skill      XL: |  1 |
---------------+----+-----
Axes           | 1 |  1.0
Fighting       | |  3.0
Polearms       | |  2.0
Dodging        | |  2.0
Stealth        | |  5.0

Action                   || total
-------------------------++-------
Melee: Broad axe         ||     7
Evoke: Wand              ||     2
  Use: Scroll            ||     1
       Potion            ||     1
Dodge: Dodged            ||     6

Table legend: (Time is in decaauts)
 A = Elapsed time spent in this place.
 B = Non-inter-level travel time spent in this place.
 C = Inter-level travel time spent in this place.
 D = Time resting spent in this place.
 E = Time spent auto-exploring this place.
 F = Levels seen in this place.
 G = Mean time per level.
                   A        B        C        D        E       F      G
               +--------+--------+--------+--------+--------+-----+--------+
         Total |    207 |    202 |      5 |      0 |      4 |   2 |  103.5 |
       Dungeon |    207 |    202 |      5 |      0 |      4 |   2 |  103.5 |
               +--------+--------+--------+--------+--------+-----+--------+

Top non-repeatable levels by time:
     D:4: 128 daAuts
     D:5: 78 daAuts
